 Dungeon Crawl Stone Soup version 0.18-a0-1570-gf60b0ab (webtiles) character file.

639 M4edhros the Poker (level 7, -2/50 HPs)
             Began as an Octopode Chaos Knight on Mar 14, 2016.
             Slain by a sun demon (7 damage)
             ... summoned by the capriciousness of Xom
             ... on level 4 of the Dungeon.
             The game lasted 00:10:19 (14761 turns).

M4edhros the Poker (Octopode Chaos Knight)         Turns: 14761, Time: 00:10:19

Health: -2/50      AC:  1    Str: 19    XL:     7   Next: 51%
Magic:  7/7        EV: 17    Int: 14    God:    Xom [..*...]
Gold:   115        SH:  4    Dex: 19    Spells: 0 memorised, 6 levels left

rFire  + . .     SeeInvis .     a - +0 spear (chaos)
rCold  . . .     Gourm    .     e - +0 buckler
rNeg   . . .     Faith    .     (helmet restricted)
rPois  .         Spirit   .     (no amulet)
rElec  .         Dismiss  .     i - +3 ring of strength
rCorr  .         Reflect  .     m - +5 ring of strength
SustAt .         Harm     .     (no ring)
MR     .....                    (no ring)
Stlth  ++++......               (no ring)
                                (no ring)
                                (no ring)
                                (no ring)

@: agile, very slightly contaminated, invisible, not resistant to hostile
enchantments, stealthy
A: almost no armour, amphibious, 8 rings, constrict 8, tentacle spike 1,
camouflage 1, blurry vision 1, fire resistance 1, robust 1, gelatinous body 1
a: Renounce Religion


You were on level 4 of the Dungeon.
You worshipped Xom.
You were a toy of Xom.
You were not hungry.

You visited 1 branch of the dungeon, and saw 4 of its levels.

You collected 115 gold pieces.

Inventory:

Hand Weapons
 a - a +0 spear of chaos (weapon)
 c - a +1 hunting sling of flaming
Missiles
 g - 123 stones (quivered)
 r - 15 sling bullets
Armour
 e - a +0 buckler (worn)
Jewellery
 i - a +3 ring of strength (left tentacle)
 m - a +5 ring of strength (right tentacle)
Scrolls
 f - a scroll of magic mapping {unknown}
 h - a scroll of enchant armour {unknown}
 l - a scroll of enchant weapon {unknown}
 o - a scroll of amnesia {unknown}
 s - 2 scrolls of identify {unknown}
Potions
 n - a potion of invisibility
 q - a potion of resistance {unknown}
 t - a potion of berserk rage {unknown}
 u - a potion of degeneration {unknown}
Miscellaneous
 j - a plain deck of war
Comestibles
 b - 5 bread rations
 k - 2 meat rations
 p - a beef jerky
 v - a chunk of flesh


   Skills:
 - Level 3.0 Fighting
 + Level 6.3 Polearms
 + Level 5.3 Slings
 - Level 2.3 Dodging


You had 6 spell levels left.
You didn't know any spells.

Dungeon Overview and Level Annotations

Branches:
Dungeon (4/15)
 Temple: D:4-7

Altars:
Nemelex Xobeh
Pakellas


Innate Abilities, Weirdness & Mutations

You cannot wear most types of armour.
You are amphibious.
You can wear up to eight rings at the same time.
You can use your tentacles to constrict eight enemies at once.
Your skin changes colour to match your surroundings (Stealth).
Your rubbery body absorbs attacks (AC +1).
One of your tentacles bears a spike.
Scrolls take you a little longer to read.
Your flesh is heat resistant.
You are robust (+10% HP).


Message History

Evoke which item? (* to show all) (? for menu, Esc to quit)
Okay, then.
Read which item? (? for menu, Esc to quit)
Okay, then.
Drink which item? (? for menu, Esc to quit)
Okay, then.
Okay, then.
Drink which item? (? for menu, Esc to quit)
It was a potion of invisibility.
You fade into invisibility!
Xom thinks this is hilarious!
You block the sun demon's attack.
You are very lightly contaminated with residual magic.
Drink which item? (? for menu, Esc to quit)
It was a potion of agility.
You feel agile all of a sudden. The sun demon hits you!
* * * LOW HITPOINT WARNING * * *
You are engulfed in flames!
You resist.
You die...

.........))..........#.#
##########.#.#.......#.#
#...........#...##..#.#
#.########.(#.......#.#
#..#.......#.#
#######.##.###..#.#
+.......#.......#.#
#######3###.....#.#####
#.......@...##..#.....#
#...........##..#####.###
..............##..# #.#..
..............##..# #.#.#
.....######'#.##..# #.#.#
...). #...##..#####.#.#
.... #..##......#.#.# ...
.<##.####.#...# ... #.#
#.#####


You could see a sun demon.

Vanquished Creatures
  Sigmund (D:2)
  A sky beast (D:3)
  An ogre (D:4)
  2 orc priests
  An orc wizard (D:4)
  Jessica (D:2)
  3 adders
  A shadow imp (D:3)
  An ooze (D:1)
  An adder zombie (D:3)
  2 adder skeletons (D:4)
  3 worms (D:3)
  4 dart slugs
  3 giant geckos
  11 orcs
  2 ball pythons
  5 giant cockroaches
  7 goblins
  13 hobgoblins
  8 jackals
  2 quokkas
  12 bats
  6 giant newts
  5 kobolds
  13 rats
109 creatures vanquished.

Vanquished Creatures (collateral kills)
  Terence (D:2)
1 creature vanquished.

Grand Total: 110 creatures vanquished

Notes
Turn   | Place    | Note
--------------------------------------------------------------
     0 | D:1      | M4edhros the Octopode Chaos Knight began the quest for the Orb.
     0 | D:1      | Reached XP level 1. HP: 16/16 MP: 1/1
   319 | D:1      | XOM: harmless Conj miscast
  1141 | D:1      | XOM: colour smoke trail
  1539 | D:1      | Reached XP level 2. HP: 21/21 MP: 2/2
  1567 | D:1      | Reached skill level 1 in Slings
  1571 | D:1      | XOM is BORED!
  1571 | D:1      | XOM: medium Fire miscast
  2248 | D:1      | XOM: colour smoke trail
  2793 | D:1      | XOM: vitrification
  3491 | D:1      | XOM: cast spell 'Ice Form'
  3780 | D:1      | XOM: stat loss: -1 Str (13/14)
  3848 | D:1      | XOM: mild Trmt miscast
  4270 | D:1      | Reached XP level 3. HP: 26/26 MP: 3/3
  4530 | D:1      | XOM: vitrification
  4843 | D:1      | XOM: give mutations
  4843 | D:1      | Gained mutation: You are robust (+10% HP). [Xom's grace]
  4843 | D:1      | Gained mutation: Your flesh is heat resistant. [Xom's grace]
  5035 | D:1      | XOM: divination: magic mapping
  5207 | D:1      | XOM: fog
  5336 | D:1      | XOM: colour smoke trail
  5639 | D:1      | XOM: colour smoke trail
  5942 | D:1      | Found a sparkling altar of Nemelex Xobeh.
  6313 | D:1      | XOM: mild Trmt miscast
  6370 | D:1      | XOM: silly message
  6700 | D:1      | XOM: medium Trmt miscast
  7023 | D:1      | XOM: harmless Trmt miscast
  7070 | D:1      | XOM: noise
  7140 | D:2      | Noticed Jessica
  7141 | D:2      | Noticed Terence
  7142 | D:2      | XOM: harmless Ice miscast
  7152 | D:2      | Killed Jessica
  7152 | D:2      | Reached skill level 4 in Polearms
  7152 | D:2      | Reached XP level 4. HP: 31/34 MP: 4/4
  7190 | D:2      | XOM: cast spell 'Disjunction'
  7217 | D:2      | XOM: cast spell 'Summon Dragon'
  7235 | D:2      | Killed Terence
  7362 | D:2      | Found a sparkling altar of Nemelex Xobeh.
  7431 | D:3      | Found an oddly glowing altar of Pakellas.
  7687 | D:2      | XOM: colour smoke trail
  7855 | D:2      | XOM: potion effect (berserk rage)
  7907 | D:2      | Reached XP level 5. HP: 18/39 MP: 5/5
  8366 | D:2      | XOM: smoke on damage
  9001 | D:2      | XOM: mild Trmt miscast
  9051 | D:2      | XOM: harmless Divn miscast
  9660 | D:2      | XOM: mild Fire miscast
  9819 | D:2      | Noticed Sigmund
  9834 | D:2      | Killed Sigmund
  9834 | D:2      | Reached skill level 5 in Polearms
  9834 | D:2      | Reached XP level 6. HP: 43/46 MP: 6/6
 10379 | D:3      | XOM: noise
 10465 | D:3      | XOM: harmless Necr miscast
 10487 | D:3      | XOM: divination: magic mapping
 11009 | D:3      | XOM: god gift: leather armour {god gift}
 11269 | D:3      | XOM is BORED!
 11269 | D:3      | XOM: medium Erth miscast
 11291 | D:3      | XOM: confuse monster(s)
 11567 | D:3      | XOM: give mutation
 11567 | D:3      | Gained mutation: Scrolls take you a little longer to read. [Xom's mischief]
 12223 | D:3      | Noticed a sky beast
 12226 | D:3      | XOM: blink monster(s)
 12227 | D:3      | XOM: enchant monster (bad)
 12241 | D:3      | XOM: harmless Ice miscast
 12266 | D:3      | Killed a sky beast
 12266 | D:3      | Reached XP level 7. HP: 50/50 MP: 7/7
 12270 | D:3      | Gained mutation: One of your tentacles bears a spike. [mutagenic meat]
 12285 | D:3      | XOM: mild Chrm miscast
 12711 | D:3      | XOM: colour smoke trail
 13014 | D:3      | XOM: harmless Necr miscast
 13052 | D:3      | XOM: silly message
 13056 | D:3      | XOM: harmless Hex miscast
 13569 | D:3      | XOM: mild Ice miscast
 13699 | D:3      | XOM: medium Trmt miscast
 14124 | D:3      | XOM: harmless Pois miscast
 14186 | D:4      | Reached skill level 6 in Polearms
 14186 | D:4      | Reached skill level 5 in Slings
 14438 | D:4      | XOM: mild Chrm miscast
 14747 | D:4      | XOM: harmless Ice miscast
 14758 | D:4      | XOM: medium Summ miscast
 14759 | D:4      | Noticed a sun demon
 14761 | D:4      | Slain by a sun demon

Vault maps used:
D:1:      lordsloth_arrival_two_stooges, columned_hall_lemuel, nemelex_deck
D:2:      overflow_temple_1_default, first_bread, uniq_jessica, uniq_terence,
          uniq_sigmund
D:3:      grunt_pakellas_mercury
D:4:      lemuel_blue_sif_altar, hangedman_decor_riveting

Skill      XL: |  1  2  3  4  5  6  7 |
---------------+----------------------+-----
Slings         | 1 2 3 4 5 |  5.3
Polearms       | 4 5 6 |  6.3
Fighting       | |  3.0
Dodging        | |  2.3

Action                   |  1- 3 |  4- 6 |  7- 9 || total
-------------------------+-------+-------+-------++-------
Melee: Spear             |    85 |   143 |    61 ||   289
       Unarmed           |     4 |       |       ||     4
  Use: Potion            |       |     3 |     2 ||     5
 Stab: Sleeping          |     2 |     9 |     4 ||    15
       Distracted        |       |     2 |       ||     2
       Confused          |       |     1 |       ||     1
  Eat: Chunk             |    17 |    17 |    10 ||    44
